 Dungeon Crawl Stone Soup version 0.23-a0-139-ga22e90c (webtiles) character file.

965 Amnesiac the Gusty (level 7, 0/46 HPs)
             Began as a Mummy Air Elementalist on Aug 30, 2018.
             Slain by a black bear (3 damage)
             ... on level 6 of the Dungeon.
             The game lasted 00:05:34 (3627 turns).

Amnesiac the Gusty (Mummy Air Elementalist)         Turns: 3627, Time: 00:05:35

Health: 0/46       AC:  2    Str: 11    XL:     7   Next: 93%
Magic:  1/17       EV: 12    Int: 16    God:
Gold:   160        SH:  0    Dex: 13    Spells: 7/19 levels left

rFire    . . .     SeeInvis .   b - +0 falchion
rCold    + . .     Gourm    .   (no shield)
rNeg     + + +     Faith    .   h - +0 robe
rPois    ∞         Spirit   .   (no helmet)
rElec    .         Reflect  .   (no cloak)
rCorr    .         Harm     .   (no gloves)
MR       .....                  (no boots)
Stlth    ++........             (no amulet)
HPRegen  0.15/turn              g - ring of protection from fire
MPRegen  0.15/turn              (no ring)

@: very slightly contaminated
A: no food or potions, fire vulnerability, cold resistance 1, negative energy
resistance 3, torment resistance, unbreathing
a: no special abilities


You were on level 6 of the Dungeon.
You were not hungry.

You visited 1 branch of the dungeon, and saw 6 of its levels.

You collected 160 gold pieces.

Inventory:

Hand Weapons
 a - a +0 dagger of venom
 b - a +0 falchion (weapon)
Armour
 h - a +0 robe (worn)
Jewellery
 g - a ring of protection from fire (left hand)
Scrolls
 c - a scroll of noise {!r, unknown}
 d - 2 scrolls of remove curse {!r}
 e - a scroll of identify {!r, unknown}
 f - a scroll of enchant armour {!r, unknown}


   Skills:
 - Level 1.5 Dodging
 - Level 1.5 Stealth
 + Level 6.7 Spellcasting
 - Level 0.7 Conjurations
 * Level 6.7 Air Magic


You had 7 spell levels left.
You knew the following spells:

 Your Spells              Type           Power        Failure   Level  Hunger
a - Airstrike             Air            ####......   8%          4    N/A
d - Lightning Bolt        Conj/Air       ###.......   58%         5    N/A
e - Shock                 Conj/Air       ###.         2%          1    N/A
z - Swiftness             Chrm/Air       ###.....     4%          2    N/A

Your spell library contained the following spells:

 Spells                   Type           Power        Failure   Level  Hunger
 Static Discharge         Conj/Air       ###.....     9%          3    N/A

Dungeon Overview and Level Annotations

Branches:
Dungeon (6/15)
 Temple: D:4-7

Altars:


Innate Abilities, Weirdness & Mutations

You do not eat or drink.
Your flesh is vulnerable to fire.
You are immune to poison.
Your flesh is cold resistant. (rC+)
You are immune to negative energy. (rN+++)
You are immune to unholy pain and torment.
You can survive without breathing.


Message History

Aim: a black bear (heavily wounded)
The air twists around and strikes the black bear!
The black bear is severely wounded.
The black bear goes berserk!
Casting: Airstrike (safe; 8% risk of failure)
Confirm with . or Enter, or press ? or * to list all spells.
You don't have enough magic to cast that spell.
Casting: Airstrike (safe; 8% risk of failure)
Confirm with . or Enter, or press ? or * to list all spells.
You don't have enough magic to cast that spell.
The black bear barely misses you.
You riposte.
You barely miss the black bear.
The black bear is severely wounded.
The black bear claws you. x2
The black bear rages.
Casting: Airstrike (safe; 8% risk of failure)
Confirm with . or Enter, or press ? or * to list all spells.
You don't have enough magic to cast that spell.
Unknown command.
Casting: Airstrike (safe; 8% risk of failure)
Confirm with . or Enter, or press ? or * to list all spells.
Aiming: Shock (safe; 2% risk of failure)
Press: ? - help, Shift-Dir - straight line, f/p - black bear
Aim: a black bear (severely wounded, berserk, fast, unusually strong)
The zap hits the black bear.
The black bear is severely wounded.
The zap hits the black bear.
The black bear is almost dead.
The black bear misses you. The black bear claws you.
The black bear barely misses you. x2; The black bear misses you.
The black bear claws you!
Unknown command.
Casting: Shock (safe; 2% risk of failure)
Confirm with . or Enter, or press ? or * to list all spells.
Aiming: Shock (safe; 2% risk of failure)
Press: ? - help, Shift-Dir - straight line, f/p - black bear
Aim: a black bear (almost dead, berserk, fast, unusually strong)
The zap misses the black bear.
The zap hits the black bear.
The black bear is almost dead.
The black bear bites you. The black bear claws you.
* * * LOW HITPOINT WARNING * * *
The black bear closely misses you.
Unknown command.
Casting: Shock (safe; 2% risk of failure)
Confirm with . or Enter, or press ? or * to list all spells.
Aiming: Shock (safe; 2% risk of failure)
Press: ? - help, Shift-Dir - straight line, f/p - black bear
Aim: a black bear (almost dead, berserk, fast, unusually strong)
You miscast Shock.
You are very lightly contaminated with residual magic.
Strange energies run through your body. The black bear bites you!
* * * LOW HITPOINT WARNING * * *
The black bear claws you.
* * * LOW HITPOINT WARNING * * *
The black bear claws you.
* * * LOW HITPOINT WARNING * * *
The black bear closely misses you. The black bear barely misses you.
The black bear closely misses you.
Unknown command.
You barely miss the black bear.
The black bear is almost dead.
The black bear barely misses you.
You riposte.
You barely miss the black bear.
The black bear is almost dead.
The black bear barely misses you. The black bear claws you.
You die...

...... .....
.... ... ..
######### .#
#.......##.#
.......@h..#
........####
....####..<#
... #.### .
#.....#
#######


You could see a black bear (berserk).

Vanquished Creatures
  Grinder (D:5)
  3 ogres
  2 phantoms
  A centaur (D:5)
  A hound (D:4)
  An orc priest (D:5)
  A centaur skeleton (D:4)
  2 orc wizards (D:4)
  A worker ant (D:4)
  2 hound skeletons (D:5)
  A worker ant zombie (D:5)
  3 adders
  A worm (D:4)
  2 leopard geckos (D:5)
  9 orcs
  A giant cockroach (D:5)
  A goblin (D:3)
  2 jackals (D:4)
  2 quokkas
  A ball python (D:5)
  2 bats (D:3)
  A frilled lizard (D:4)
  2 kobolds (D:3)
  A quokka skeleton (D:4)
  2 rats
46 creatures vanquished.

Notes
Turn   | Place    | Note
-------+----------+-------------------------------------------
     0 | D:1      | Amnesiac the Mummy Air Elementalist began the quest for the
                  | Orb.
     0 | D:1      | Reached XP level 1. HP: 13/13 MP: 4/4
   193 | D:4      | Noticed a worker ant
   204 | D:4      | Killed a worker ant
   204 | D:4      | Reached XP level 2. HP: 16/19 MP: 3/6
   204 | D:4      | Reached XP level 3. HP: 20/24 MP: 3/7
   208 | D:4      | Learned a level 2 spell: Swiftness
   226 | D:5      | Entered Level 5 of the Dungeon
   373 | D:5      | Noticed a centaur
   522 | D:4      | Reached XP level 4. HP: 26/30 MP: 0/9
   528 | D:4      | Learned a level 4 spell: Airstrike
   714 | D:4      | Noticed a phantom
   734 | D:4      | Killed a phantom
   734 | D:4      | Reached XP level 5. HP: 35/35 MP: 0/11
   814 | D:4      | Learned a level 5 spell: Lightning Bolt
   827 | D:4      | Noticed an ogre
   849 | D:4      | Killed an ogre
  1058 | D:4      | Reached XP level 6. HP: 36/41 MP: 6/13
  1150 | D:4      | Reached skill level 5 in Spellcasting
  1150 | D:4      | Reached skill level 5 in Air Magic
  2415 | D:5      | Reached XP level 7. HP: 46/46 MP: 7/15
  2838 | D:5      | Noticed Grinder
  2859 | D:5      | Paralysed by Grinder for 7 turns
  2879 | D:5      | Killed Grinder
  3627 | D:6      | Slain by a black bear

Vault maps used:
D:1:      lightli_arrival_lavapool, minmay_misc_feat_pillars,
          serial_bayou_pond_d
D:2:      gammafunk_temple_overflow_pools, brannock_xom_greatest_gift
D:3:      first_ration, minivault_24
D:5:      uniq_grinder
D:6:      gammafunk_ghost_nasty_kobolds

Skill      XL: |  1  2  3  4  5  6  7 |
---------------+----------------------+-----
Spellcasting   | 3 4 5 6 |  6.7
Air Magic      | 3 4 5 6 |  6.7
Dodging        | |  1.5
Stealth        | |  1.5
Conjurations   | |  0.7

Action                   |  1- 3 |  4- 6 |  7- 9 || total
-------------------------+-------+-------+-------++-------
Melee: Dagger            |    12 |     5 |       ||    17
       Falchion          |       |     1 |     1 ||     2
 Cast: Shock             |    19 |    60 |    15 ||    94
       Airstrike         |       |    13 |    21 ||    34
  Use: Scroll            |       |       |     3 ||     3
Armor: Robe              |     4 |     3 |       ||     7
Dodge: Dodged            |    11 |    28 |    17 ||    56
       Rpst.: Falchion   |       |       |     3 ||     3

Table legend:
 A = Non-vault XP
 B = Vault XP
 C = Vault XP percentage of total XP
 D = Non-vault monster count
 E = Vault monster count
 F = Vault count percentage of total count
                 A         B        C        D         E       F
            +---------+---------+-------+---------+---------+-------
      Total |    1098 |     281 |  20.4 |      45 |       1 |   2.2
            +---------+---------+-------+---------+---------+-------
        D:1 |       1 |       0 |   0.0 |       1 |       0 |   0.0
        D:2 |       1 |       0 |   0.0 |       1 |       0 |   0.0
        D:3 |      20 |       0 |   0.0 |       6 |       0 |   0.0
        D:4 |     602 |       0 |   0.0 |      23 |       0 |   0.0
        D:5 |     353 |     281 |  44.3 |      13 |       1 |   7.1
        D:6 |     121 |       0 |   0.0 |       1 |       0 |   0.0
            +---------+---------+-------+---------+---------+-------
